 Dungeon Crawl Stone Soup version 0.30.0 (webtiles) character file.

Game seed: 8472160951494459377

329634 marwff the Executioner (level 20, -2/200 HPs)
             Began as a Minotaur Berserker on May 31, 2023.
             Was a High Priest of Trog.
             Slain by an ettin
             ... wielding a +0 dire flail
              (9 damage)
             ... on level 2 of the Depths.
             The game lasted 02:20:40 (66349 turns).

marwff the Executioner (Minotaur Berserker)        Turns: 66349, Time: 02:20:41

Health: -2/200     AC: 32    Str: 31    XL:     20   Next: 83%
Magic:  0/25       EV: 15    Int:  4    God:    Trog [*****.]
Gold:   3665       SH:  0    Dex: 10    Spells: 19/19 levels left

rFire   . . .        K - +9 executioner's axe (heavy)
rCold   . . .        (shield currently unavailable)
rNeg    . . .        O - +1 plate armour {Will+}
rPois   +            f - +2 hat
rElec   .            G - +0 cloak {Will+}
rCorr   .            U - +3 Mad Mage's Maulers {Infuse+∞ VampMP -Cast}
SInv    .            u - +0 pair of boots
Will    +++..        h - amulet of guardian spirit Stlth
                     v - ring of poison resistance
HPRegen 0.53/turn    (no ring)
MPRegen 0.19/turn

%: no spellcasting, guardian spirit
@: no status effects
A: horns 2, retaliatory headbutt, no potion heal 1
}: 2/15 runes: decaying, gossamer
a: Renounce Religion, Berserk, Trog's Hand, Brothers in Arms


You were on level 2 of the Depths.
You worshipped Trog.
Trog was extremely pleased with you.
You visited 8 branches of the dungeon, and saw 37 of its levels.
You also visited: Ice Cave.

You collected 4451 gold pieces.
You spent 786 gold pieces at shops.

Inventory:

Hand Weapons
 o - a +3 antimagic executioner's axe
 K - a +9 heavy executioner's axe (weapon)
Missiles
 t - 5 silver javelins
 R - 2 throwing nets (quivered)
 V - 11 curare-tipped darts
Armour
 f - a +2 hat (worn)
 u - a +0 pair of boots (worn)
 G - a +0 cloak of willpower (worn)
 H - the scarf "Ola Sir" {shadows, Regen+ rCorr}
   (You found it on level 4 of the Spider Nest)

   Regen:     It increases your rate of health regeneration.
   rCorr:     It protects you from acid and corrosion.
 O - a +1 plate armour of willpower (worn)
 U - the +3 Mad Mage's Maulers (worn) {Infuse+∞ VampMP -Cast}
   (You found it on level 3 of the Lair of Beasts)

   Infuse+∞: It empowers its wearer's blows with all of their magic.
   VampMP:    Blows struck in melee replenish the wearer's magic.
   -Cast:     It prevents spellcasting.
Jewellery
 h - an amulet of guardian spirit (around neck)
 v - a ring of poison resistance (left hand)
 y - a ring of fire
 z - a ring of positive energy
 D - a ring of protection from cold
 N - a +4 ring of slaying
 Y - a ring of see invisible
 Z - a ring of positive energy
Wands
 k - a wand of digging (12)
 C - a wand of paralysis (19)
 F - a wand of iceblast (27)
 X - a wand of light (13)
Scrolls
 b - 24 scrolls of teleportation
 c - 8 scrolls of vulnerability
 e - 8 scrolls of fog
 g - 2 scrolls of silence
 l - 11 scrolls of magic mapping
 p - 2 scrolls of butterflies
 r - 11 scrolls of enchant weapon
 s - 8 scrolls of blinking
 w - 5 scrolls of immolation
 x - 6 scrolls of fear
 B - 2 scrolls of torment
 J - 9 scrolls of enchant armour
 S - a scroll of acquirement
 W - 3 scrolls of brand weapon
Potions
 d - 20 potions of curing
 i - 5 potions of flight
 m - 11 potions of mutation
 q - 9 potions of heal wounds
 A - 6 potions of attraction
 E - 3 potions of lignification
 I - 10 potions of cancellation
 L - 3 potions of resistance
 M - 7 potions of might
 P - 7 potions of haste
 Q - 5 potions of invisibility
 T - 6 potions of ambrosia
Miscellaneous
 a - a box of beasts
 j - a phantom mirror
 n - a phial of floods


   Skills:
 + Level 22.3 Fighting
 - Level 24.0 Axes
 + Level 22.1 Armour
 + Level 20.5 Dodging
 - Level 8.9 Shields
 - Level 8.0 Invocations


You had 19 spell levels left.
You didn't know any spells.
Your spell library was empty.

Dungeon Overview and Level Annotations

Branches:
Dungeon (15/15)            Temple (1/1) D:7            Lair (5/5) D:9
  Swamp (4/4) Lair:2       Spider (4/4) Lair:3        Slime (0/5) Lair:5
    Orc (2/2) D:11            Elf (0/3) Orc:2        Vaults (4/5) D:13
  Crypt (0/3) Vaults:3     Depths (2/4) D:15          IceCv (visited)

Altars:
Ashenzari
Cheibriados
Dithmenos
Elyvilon
Fedhas
Gozag
Hepliaklqana
Kikubaaqudgha
Makhleb
Nemelex Xobeh
Okawaru
Qazlal
Ru
Sif Muna
Trog
Uskayaw
Vehumet
Wu Jian
Xom
Yredelemnul
Zin
The Shining One
Jiyva
Lugonu

Shops:
D:13 *   Orc:2 (![(   Vaults:1 [   Vaults:2 *   Depths:1 *

Portals:
Hell: Depths:1
Abyss: Lair:5 Depths:2
Pandemonium: Depths:1 Depths:2
Ziggurat: Depths:2

Annotations:
Lair:2 exclusion: downstairs


Innate Abilities, Weirdness & Mutations

You have a pair of horns on your head.
You reflexively headbutt those who attack you in melee.
Potions are less effective at restoring your health.


Message History

a +0 dire flail; a +0 dire flail; an ettin corpse You open the door.
There is an open door here.
You open the door. 3 ettins come into view.
The ettin shouts in stereo! x3
There is an open door here.
There are monsters nearby!
There are monsters nearby!
There are monsters nearby!
There are monsters nearby!
There are monsters nearby!
There are monsters nearby!
Found 29 gold pieces and a robe.
An ettin opens the door.
Found a glowing hand axe.
There are monsters nearby!
Found nine items.
The ettin hits you but does no damage. The ettin closely misses you.
A juggernaut comes into view.
The juggernaut shouts!
You slice the ettin like a ripe choko!!!
You headbutt the ettin!
The ettin is almost dead.
You chop the ettin into pieces!!!
The ettin hits you with a +0 dire flail!!
The ettin hits you but does no damage.
The ettin hits you with a +0 dire flail!! x2
The ettin hits you with a +0 dire flail!
The ettin hits you with a +0 dire flail!! x2
The ettin closely misses you.
A stone giant comes into view.
The ettin hits you with a +0 dire flail!!
* * * LOW HITPOINT WARNING * * *
The ettin hits you with a +0 dire flail!!
* * * LOW HITPOINT WARNING * * *
The ettin attacks as you move away!
The ettin hits you with a +0 dire flail!
* * * LOW HITPOINT WARNING * * *
The ettin hits you with a +0 dire flail!
You die...

######### ########## #
........####........# .
........'..'........+ .
........####..)))...# .
.......@# ####'##### .
C.C...CCC)))))#.########
$.......#)))))#.[.......
[.......################
+######## ##.# ....
####....P.....
####.............
#................


You could see a juggernaut, a stone giant and 3 ettins.

Vanquished Creatures
  Boris (Vaults:4)
  Bai Suzhen (Vaults:2)
  the Lernaean hydra (Swamp:4)
  Nikola (Swamp:3)
  A lich (Vaults:2)
  A tentacled monstrosity (Swamp:4)
  Rupert (Orc:2)
  An acid blob (Spider:4)
  Gastronok (D:8)
  4 thorn hunters
  Kirke (Lair:5)
  4 sphinxes
  Donald (Swamp:3)
  The ghost of jwmurphy the Nimble, an adept DjIE of Qazlal (Depths:1)
  Roxanne (Spider:4)
  2 azure jellies (IceCv)
  A tengu reaver (Depths:1)
  2 fire giants
  2 frost giants
  12 vault wardens
  5 emperor scorpions
  A cacodemon (D:14)
  2 orc warlords
  3 ghost moths (Spider:4)
  A spriggan defender (Depths:1)
  2 quicksilver oozes (IceCv)
  15 ironbound preservers
  A ghoul (Swamp:3)
  A broodmother (Spider:2)
  5 very ugly things (Vaults:2)
  10 ironbound thunderhulks
  The ghost of cowcow the Earth Mage, a journeyman GrEE of Gozag (D:14)
  7 stone giants
  Nessos (D:12)
  7 dire elephants
  A deep elf demonologist (Vaults:3)
  3 eleionomae
  A spark wasp (Spider:2)
  3 bunyips
  2 merfolk impalers (Depths:1)
  16 ettins
  Josephine (D:12)
  4 fire dragons
  11 entropy weavers
  10 great orbs of eyes
  2 yaktaur captains
  Fannar (D:11)
  27 hydras
  2 rakshasas (Depths:1)
  A jorogumo (Spider:2)
  5 vault guards
  A spriggan air mage (Depths:1)
  2 ice dragons
  6 ironbound frosthearts
  Erica (D:8)
  A catoblepas (D:11)
  4 radroaches
  5 centaur warriors
  11 alligators
  A ghost crab (Swamp:1)
  3 boulder beetles
  6 death yaks (Depths:2)
  A naga warrior (D:13)
  5 orc high priests (Orc:2)
  4 tengu warriors
  2 deep troll earth magi (Depths:2)
  6 two-headed ogres
  A soul eater (Depths:1)
  2 spriggan berserkers (Depths:1)
  3 deep troll shamans (Depths:2)
  11 spriggans
  2 thrashing horrors (Lair:5)
  A sun demon (Depths:1)
  2 skysharks (Lair:3)
  4 goliath frogs
  6 pharaoh ants
  3 iron trolls (Depths:2)
  5 skeletal warriors
  13 swamp dragons
  44 deep trolls
  A deep troll (shapeshifter) (Depths:1)
  3 glowing orange brains
  5 orb spiders
  4 bog bodies
  4 spriggan druids
  15 ironbound convokers
  7 wizards
  3 lindwurms
  14 orc knights
  A harpy (shapeshifter) (D:14)
  5 oklob plants
  5 harpies (Vaults:1)
  2 steelbarb worms (Spider:2)
  A deep elf pyromancer (D:15)
  2 necromancers
  13 wolf spiders
  A tengu skeleton (Vaults:2)
  A moth of wrath (Spider:1)
  5 will-o-the-wisps
  5 manticores
  32 ugly things
  3 salamanders
  An elephant (shapeshifter) (D:14)
  5 cyclopes
  5 black mambas
  A black mamba (shapeshifter) (D:14)
  18 vault sentinels
  A frost giant skeleton (Vaults:2)
  4 smoke demons
  4 torpor snails
  A cane toad (shapeshifter) (D:14)
  13 elephants
  4 demonic crawlers
  2 ice statues (IceCv)
  A hellion (Depths:1)
  14 cane toads
  An unseen horror (D:11)
  A freezing wraith (D:15)
  7 komodo dragons
  5 tengu conjurers
  A kobold demonologist (D:10)
  5 rime drakes
  27 yaktaurs
  An ancient zyme (Lair:5)
  A wind drake (shapeshifter) (D:15)
  11 trolls
  2 polar bears
  3 tyrant leeches
  2 large abominations (Lair:5)
  A tarantella (shapeshifter) (Lair:5)
  14 hornets
  27 blink frogs
  22 tarantellas
  5 dream sheep (Lair:5)
  A centaur simulacrum (D:14)
  45 slime creatures
  Sigmund (D:3)
  23 jumping spiders
  13 culicivoras
  A jumping spider (shapeshifter) (D:15)
  3 shadows
  9 wraiths
  59 yaks
  4 vampires
  12 water elementals (Depths:1)
  4 hogs (Lair:5)
  A fire bat (shapeshifter) (Lair:5)
  4 fire bats (Depths:2)
  5 wyverns
  2 chaos spawn (Lair:5)
  A hog (shapeshifter) (D:14)
  56 redbacks
  A steam dragon (D:9)
  16 vampire mosquitoes
  A fire elemental (Depths:2)
  5 wargs
  10 basilisks
  5 neqoxecs
  15 swamp worms
  2 nagas (D:13)
  An acid dragon (shapeshifter) (D:13)
  A naga (shapeshifter) (D:14)
  A swamp worm (shapeshifter) (D:14)
  8 acid dragons
  12 water moccasins
  41 orc warriors
  An ogre skeleton (Vaults:2)
  An ice beast (shapeshifter) (D:14)
  10 swamp drakes
  6 great orb of eyes simulacra (IceCv)
  8 ogres
  12 small abominations (Lair:5)
  4 centaurs
  17 wolves
  A phantom (D:5)
  5 slime creature simulacra (IceCv)
  2 kobold brigands (D:8)
  2 necrophages (Swamp:3)
  11 bullfrogs
  3 scorpions
  3 glowing shapeshifter simulacra (IceCv)
  3 wights (D:10)
  A killer bee (D:11)
  8 howler monkeys
  An electric eel (Spider:4)
  29 orc priests
  3 hounds
  2 gnoll boudas (D:9)
  Terence (D:2)
  2 iguanas
  19 orc wizards
  2 sleepcaps
  7 hell rats (Lair:3)
  2 shapeshifter simulacra (IceCv)
  12 gnolls
  5 adders
  A white imp (D:5)
  6 worms
  2 dart slugs (D:2)
  86 orcs
  8 endoplasms
  7 goblins
  3 hobgoblins (D:2)
  4 jackals (D:5)
  14 kobolds
  3 quokkas
  5 ball pythons
  3 bats (D:2)
  2 frilled lizards
  A kobold (shapeshifter) (D:14)
  3 rats
  5 briar patches (Swamp:4)
  A spectral weapon (D:11)
1390 creatures vanquished.

Vanquished Creatures (collateral kills)
  A hydra (Lair:3)
  A catoblepas (Lair:4)
  A rime drake (Lair:4)
3 creatures vanquished.

Vanquished Creatures (others)
  2 bloated husks (Swamp:2)
  A human (Lair:5)
  A small abomination (Lair:5)
  A bush (D:6)
  16 foxfires
  19 fungi
  51 plants
91 creatures vanquished.

Grand Total: 1484 creatures vanquished

Notes
Turn   | Place    | Note
-------+----------+-------------------------------------------
     0 | D:1      | marwff the Minotaur Berserker began the quest for the Orb.
     0 | D:1      | Reached XP level 1. HP: 19/19 MP: 0/0
   136 | D:1      | Reached skill level 4 in Axes
   763 | D:2      | Reached XP level 2. HP: 27/27 MP: 1/1
   798 | D:2      | Noticed Terence
   806 | D:2      | Killed Terence
   807 | D:2      | Reached XP level 3. HP: 33/33 MP: 0/2
   945 | D:2      | Reached skill level 5 in Axes
  1184 | D:2      | Found a faded altar of an unknown god.
  1214 | D:2      | Reached XP level 4. HP: 39/40 MP: 3/3
  2132 | D:3      | Noticed Sigmund
  2146 | D:3      | Killed Sigmund
  2147 | D:3      | Reached skill level 6 in Axes
  2147 | D:3      | Reached XP level 5. HP: 47/47 MP: 4/4
  2355 | D:3      | Reached XP level 6. HP: 51/55 MP: 5/5
  2356 | D:3      | Reached ** piety under Trog
  2434 | D:3      | Found a shadowy altar of Dithmenos.
  2440 | D:3      | Found a stormy altar of Qazlal.
  2444 | D:3      | Found a basalt altar of Yredelemnul.
  2450 | D:3      | Found a sparkling altar of Nemelex Xobeh.
  2456 | D:3      | Found a shimmering altar of Xom.
  2462 | D:3      | Found an opulent altar of Gozag.
  2464 | D:3      | Found a bloodstained altar of Trog.
  2794 | D:4      | Reached skill level 5 in Fighting
  3088 | D:4      | Reached skill level 7 in Axes
  3289 | D:4      | Found an iron altar of Okawaru.
  3651 | D:5      | Entered Level 5 of the Dungeon
  3688 | D:5      | Reached XP level 7. HP: 61/61 MP: 6/6
  3846 | D:5      | Reached skill level 5 in Armour
  3893 | D:5      | Reached skill level 8 in Axes
  4012 | D:5      | Reached XP level 8. HP: 60/70 MP: 5/7
  4106 | D:5      | Identified the +1 ring mail of Zin's Respect {+Inv}
  4379 | D:5      | Identified the +7 quarterstaff of Earthquakes {speed, MP+9}
  4387 | D:5      | Found a broken altar of Ashenzari.
  4728 | D:6      | Reached skill level 5 in Dodging
  4784 | D:6      | Reached *** piety under Trog
  4895 | D:6      | Reached skill level 9 in Axes
  5397 | D:7      | Identified the scarf of the Ageless Hells {+Inv, Str+3}
  5405 | D:7      | Found a staircase to the Ecumenical Temple.
  5506 | Temple   | Entered the Ecumenical Temple
  5712 | D:7      | Reached skill level 1 in Invocations
  5738 | D:7      | Reached XP level 9. HP: 79/79 MP: 6/9
  5849 | D:7      | Reached skill level 10 in Axes
  6119 | D:8      | Noticed Erica
  6126 | D:8      | Killed Erica
  6135 | D:8      | Noticed Gastronok
  6303 | D:8      | Reached skill level 11 in Axes
  6513 | D:8      | Reached XP level 10. HP: 82/88 MP: 11/11
  6666 | D:8      | Found an ancient bone altar of Kikubaaqudgha.
  6709 | D:8      | Killed Gastronok
  6710 | D:8      | Reached skill level 12 in Axes
  7056 | D:9      | Reached **** piety under Trog
  7317 | D:9      | Reached skill level 13 in Axes
  7402 | D:9      | Found a staircase to the Lair.
  7662 | D:10     | Entered Level 10 of the Dungeon
  7712 | D:10     | Reached XP level 11. HP: 97/97 MP: 10/13
  8624 | Lair:1   | Entered Level 1 of the Lair of Beasts
  8640 | Lair:1   | Reached skill level 10 in Fighting
  8640 | Lair:1   | Reached skill level 14 in Axes
  8850 | Lair:1   | Reached skill level 10 in Armour
  9731 | Lair:2   | Found a staircase to the Swamp.
  9747 | Lair:2   | Reached skill level 15 in Axes
  9985 | Lair:2   | Reached XP level 12. HP: 108/108 MP: 12/14
 10901 | Lair:3   | Noticed an eight-headed hydra
 10974 | Lair:3   | Found the +3 Mad Mage's Maulers {Infuse+∞ VampMP -Cast}
 11139 | Lair:3   | Killed an eight-headed hydra
 11466 | Lair:3   | Reached skill level 10 in Dodging
 12151 | Lair:3   | Reached skill level 16 in Axes
 12396 | Lair:3   | Found a hole to the Spider Nest.
 13651 | Lair:4   | Identified the +5 scale mail of the Will of the Gods {*Slow
                  | rC+ rN+}
 13674 | Lair:4   | Reached XP level 13. HP: 97/118 MP: 1/15
 14075 | Lair:4   | Reached skill level 17 in Axes
 14548 | Lair:5   | Entered Level 5 of the Lair of Beasts
 14725 | Lair:5   | Found a frozen archway.
 14995 | IceCv    | Entered an ice cave
 15222 | IceCv    | Reached skill level 5 in Invocations
 15609 | IceCv    | Reached ***** piety under Trog
 15688 | IceCv    | Noticed a quicksilver ooze
 15694 | IceCv    | Killed a quicksilver ooze
 15795 | IceCv    | Noticed a quicksilver ooze
 15801 | IceCv    | Killed a quicksilver ooze
 15802 | IceCv    | Reached skill level 18 in Axes
 16327 | IceCv    | Found a viscous altar of Jiyva.
 16327 | IceCv    | Noticed an azure jelly
 16340 | IceCv    | Killed an azure jelly
 16441 | IceCv    | Noticed an azure jelly
 16453 | IceCv    | Killed an azure jelly
 16698 | IceCv    | Identified the +0 ring mail of the Special Ziggurats
                  | {Regen+ Int+3}
 16834 | IceCv    | Identified the +2 leather armour of the Wumpus {Int+6
                  | Slay+3}
 17007 | Lair:5   | Noticed Kirke
 17020 | Lair:5   | Killed Kirke
 17030 | Lair:5   | Reached XP level 14. HP: 129/129 MP: 2/17
 18304 | Lair:5   | Found the +8 longbow "Zephyr" {speed, Dex+3 SInv}
 18306 | Lair:5   | Found a corrupted altar of Lugonu.
 18306 | Lair:5   | Found a one-way gate to the infinite horrors of the Abyss.
 18795 | Lair:5   | Found a viscous altar of Jiyva.
 18797 | Lair:5   | Found a staircase to the Slime Pits.
 19280 | D:11     | Received a gift from Trog
 19402 | D:11     | Reached skill level 19 in Axes
 19891 | D:11     | Found the +6 arbalest "Damnation" {damnation}
 20298 | D:11     | Reached skill level 1 in Shields
 20641 | D:11     | Found a staircase to the Orcish Mines.
 20641 | D:11     | Noticed Fannar
 20660 | D:11     | Killed Fannar
 21742 | D:12     | Reached skill level 20 in Axes
 21745 | D:12     | Reached XP level 15. HP: 102/138 MP: 0/19
 21900 | D:12     | Noticed Josephine
 21910 | D:12     | Killed Josephine
 21920 | D:12     | Noticed Nessos
 21926 | D:12     | Killed Nessos
 22893 | D:13     | Found a gate to the Vaults.
 23569 | D:13     | Found Jymmiela's Serpentskin Sales.
 23715 | D:13     | Bought 6 curare-tipped darts for 108 gold pieces
 24302 | D:14     | Reached skill level 5 in Shields
 24755 | D:14     | Received a gift from Trog
 25245 | D:14     | Found a runed translucent gate.
 25246 | D:14     | Found a runed translucent gate.
 25246 | D:14     | Found a runed translucent gate.
 26390 | D:14     | Found a runed translucent gate.
 26390 | D:14     | Found a runed translucent gate.
 26398 | D:14     | Noticed cowcow's ghost (journeyman GrEE)
 26399 | D:14     | Found a runed translucent gate.
 26413 | D:14     | Identified a scroll of acquirement
 26735 | D:14     | Gained mutation: You are clumsy. (Dex -2) [mutagenic glow]
 26743 | D:14     | Gained mutation: Potions are less effective at restoring
                  | your health. [mutagenic glow]
 26755 | D:14     | Gained mutation: Your spells are a little harder to cast,
                  | but a little more powerful. [mutagenic glow]
 26760 | D:15     | Entered Level 15 of the Dungeon
 27157 | D:14     | Lost intelligence.
 27159 | D:14     | Gained mutation: You sometimes lose your temper in combat.
                  | [a neqoxec]
 27539 | D:14     | Killed cowcow's ghost
 27957 | Spider:1 | Entered Level 1 of the Spider Nest
 27961 | Spider:1 | Reached skill level 15 in Fighting
 28427 | Spider:1 | Noticed an emperor scorpion
 28439 | Spider:1 | Killed an emperor scorpion
 28736 | Spider:1 | Reached skill level 15 in Armour
 28870 | Spider:1 | Lost mutation: You sometimes lose your temper in combat.
                  | [potion of mutation]
 28870 | Spider:1 | Lost mutation: Your spells are a little harder to cast, but
                  | a little more powerful. [potion of mutation]
 28870 | Spider:1 | Lost mutation: You are clumsy. (Dex -2) [potion of
                  | mutation]
 29913 | Spider:2 | Received a gift from Trog
 30323 | Spider:2 | Reached XP level 16. HP: 147/149 MP: 0/21
 32139 | Spider:3 | Reached skill level 21 in Axes
 33706 | Swamp:1  | Entered Level 1 of the Swamp
 33882 | Swamp:1  | Reached skill level 22 in Axes
 35121 | Swamp:2  | Received a gift from Trog
 35373 | Swamp:2  | Reached skill level 23 in Axes
 36528 | Swamp:3  | Noticed a thorn hunter
 36540 | Swamp:3  | Killed a thorn hunter
 36541 | Swamp:3  | Reached skill level 24 in Axes
 37123 | Swamp:3  | Noticed a thorn hunter
 37127 | Swamp:3  | Killed a thorn hunter
 37308 | Swamp:3  | Found a broken altar of Ashenzari.
 37329 | Swamp:3  | Noticed Donald
 37338 | Swamp:3  | Killed Donald
 37550 | Swamp:3  | Noticed Nikola
 37566 | Swamp:3  | Killed Nikola
 38327 | D:15     | Reached ****** piety under Trog
 38500 | D:15     | Received a gift from Trog
 38501 | D:15     | Reached XP level 17. HP: 155/158 MP: 8/22
 38969 | D:15     | Identified the +9 short sword "Ameuxid" {freeze, rElec rF+
                  | MP-9}
 39575 | D:15     | Found a staircase to the Depths.
 40024 | Swamp:4  | Entered Level 4 of the Swamp
 40651 | Swamp:4  | Reached skill level 15 in Dodging
 41176 | Swamp:4  | Noticed a tentacled monstrosity
 41182 | Swamp:4  | Killed a tentacled monstrosity
 42155 | Swamp:4  | Noticed the 27-headed Lernaean hydra
 42391 | Swamp:4  | Killed the 27-headed Lernaean hydra
 42829 | Swamp:4  | Got a decaying rune of Zot
 43162 | Spider:4 | Entered Level 4 of the Spider Nest
 43819 | Spider:4 | Received a gift from Trog
 44302 | Spider:4 | Noticed Roxanne
 44458 | Spider:4 | Killed Roxanne
 45006 | Spider:4 | Noticed an acid blob
 45006 | Spider:4 | Found the +8 demon trident "Rift" {distort, reach+}
 45009 | Spider:4 | Killed an acid blob
 45710 | Spider:4 | Reached XP level 18. HP: 137/167 MP: 7/23
 46227 | Spider:4 | Received a gift from Trog
 46812 | Spider:4 | Identified the scarf "Ola Sir" {shadows, Regen+ rCorr}
 46814 | Spider:4 | Got a gossamer rune of Zot
 47082 | Orc:1    | Entered Level 1 of the Orcish Mines
 47825 | Orc:2    | Entered Level 2 of the Orcish Mines
 47943 | Orc:2    | Noticed Rupert
 47949 | Orc:2    | Killed Rupert
 48355 | Orc:2    | Found a staircase to the Elven Halls.
 48392 | Orc:2    | Received a gift from Trog
 49015 | Orc:2    | Found Ynunt's Antique Weapon Shop.
 49016 | Orc:2    | Found Umiel's Weapon Shop.
 49016 | Orc:2    | Found Xowayff's Distillery.
 49017 | Orc:2    | Found Fucliwn's Armour Shop.
 49026 | Orc:2    | Bought a potion of curing for 42 gold pieces
 49026 | Orc:2    | Bought a potion of invisibility for 112 gold pieces
 49026 | Orc:2    | Bought a potion of flight for 42 gold pieces
 49026 | Orc:2    | Bought a potion of cancellation for 112 gold pieces
 49160 | Vaults:1 | Entered Level 1 of the Vaults
 49445 | Vaults:1 | Found Heodag's Antique Armour Boutique.
 49725 | Vaults:1 | You fall into a shaft and drop 1 floor!
 49907 | Vaults:2 | Received a gift from Trog
 50047 | Vaults:2 | HP: 10/264 [orc warlord/+0 long sword (5)]
 50813 | Vaults:2 | Noticed a lich
 50825 | Vaults:2 | Killed a lich
 51325 | Vaults:2 | Noticed Bai Suzhen
 51333 | Vaults:2 | Killed Bai Suzhen
 51477 | Vaults:2 | Reached XP level 19. HP: 153/183 MP: 4/24
 51861 | Vaults:2 | Found Boceoseg's General Store.
 51871 | Vaults:2 | Bought a scroll of magic mapping for 150 gold pieces
 51871 | Vaults:2 | Bought a potion of attraction for 60 gold pieces
 51871 | Vaults:2 | Bought a potion of cancellation for 160 gold pieces
 53341 | Vaults:1 | Received a gift from Trog
 55694 | Vaults:3 | Found a staircase to the Crypt.
 56052 | Vaults:3 | Received a gift from Trog
 58160 | Vaults:4 | Received a gift from Trog
 58545 | Vaults:4 | Noticed Boris
 58550 | Vaults:4 | Killed Boris
 59417 | Vaults:4 | Reached XP level 20. HP: 182/198 MP: 7/25
 59551 | Vaults:4 | Received a gift from Trog
 60071 | Vaults:4 | Identified the +3 ring mail of Hairiness {Rampage Str+9
                  | Int-3 Stlth-}
 61412 | Depths:1 | Entered Level 1 of the Depths
 62114 | Depths:1 | Noticed jwmurphy's ghost (adept DjIE)
 62114 | Depths:1 | Noticed jwmurphy's ghost (adept DjIE)
 62325 | Depths:1 | Found a gateway to Hell.
 62430 | Depths:1 | Found a runed translucent door.
 62969 | Depths:1 | Found a one-way gate leading to the halls of Pandemonium.
 63112 | Depths:1 | Found Soewienni's CLEARANCE SALE!.
 63616 | Depths:1 | Identified the +9 rapier of the Vanishing Places {freeze,
                  | *Noise rCorr Int+4}
 64277 | Depths:1 | Killed jwmurphy's ghost
 64406 | Depths:2 | Received a gift from Trog
 65424 | Depths:2 | Found a shimmering altar of Xom.
 65432 | Depths:2 | Found a shimmering altar of Xom.
 65533 | Depths:2 | Found a shimmering altar of Xom.
 65764 | Depths:2 | Found a one-way gateway to a ziggurat.
 65816 | Depths:2 | Found a corrupted altar of Lugonu.
 66347 | Depths:2 | Noticed a juggernaut
 66349 | Depths:2 | HP: 7/200 [ettin/+0 dire flail (12)]
 66349 | Depths:2 | Slain by an ettin

Illustrated notes

Levels and vault maps discovered:
D:1:      dpeg_arrival_brainrot, layout_basic, grunt_decor_mini_mirrors,
          hangedman_abyss_or_decor_lesser_grid, serial_park_tiny_pond
D:2:      layout_basic, hellmonk_ecumenical_altar_heavens_door, uniq_terence
D:3:      layout_basic, grunt_temple_overflow_octagram, uniq_sigmund
D:4:      nicolae_cairo_tiling_very_big, layout_cave_pools, okawaru_trees_2,
          chequers_serial_rivers_large_a, st_stairs_10
D:5:      layout_gridville, lemuel_coloured_pillars_altar, grunt_ministairs_1,
          minmay_strange_pillars
D:6:      layout_basic, hangedman_decor_push, minmay_hedge_maze
D:7:      layout_basic, minmay_temple_entry_stoned_glass, lightli_minifort
D:8:      layout_basic, mainiacjoe_overflow_tiny_flanked, minmay_door_square,
          glass_columns_c, uniq_gastronok, uniq_erica
D:9:      layout_cave_pools, erik_lair_orcish_takeover, serial_rivers,
          chequers_serial_rivers_small_3, chequers_serial_rivers_micro_a,
          chequers_serial_rivers_marsh, chequers_serial_rivers_room_b
D:10:     layout_basic
D:11:     minmay_the_grid_octo_2x2 [minmay_the_grid_octo_thin_diamonds,
          minmay_the_grid_octo_checkerflower, minmay_the_grid_octo_clover_2,
          minmay_the_grid_octo_prize_square_snowflake], layout_loops_cross,
          david_orc_5, uniq_fannar
D:12:     layout_basic, uniq_nessos, uniq_josephine
D:13:     layout_irregular_city, david_vaults_1, guppyfry_shop_venom
D:14:     layout_basic, ploomutoo_gammafunk_ghost_potion_laboratory
D:15:     grunt_enter_depths_hoard, layout_stronghold,
          dreamdust_princess_bridge, st_stairs_4, chequers_arboretum,
          grunt_decor_fettered
Temple:   hellmonk_temple_forest_ring
Lair:1:   layout_misc_corridors, serial_bayou_pond_d, grunt_megastairs_1
Lair:2:   layout_cave_pods, swamp_mist_pool, serial_bayou_shore_a
Lair:3:   layout_gridlike, spider_nest_entry_funnel_web
Lair:4:   layout_gridlike
Lair:5:   hellmonk_lair_end_abyssal_woods, layout_regular_city,
          minmay_slime_entry_oklob_enclosed, portal_ice_cave_rime, uniq_kirke
Swamp:1:  layout_basic_swamp, evilmike_swamp_ruin_house_4
Swamp:2:  layout_falls_marsh, serial_swamp_ruin, hangedman_swamp_ruin_wall,
          evilmike_swamp_ruin_rubble_1, nicolae_swamp_well_well_well,
          infiniplex_staircase_pool_2
Swamp:3:  layout_basic_swamp, nicolae_swamp_godswood, swamp_pool3, uniq_donald,
          uniq_nikola
Swamp:4:  swamp_old_school, layout_basic_swamp, swamp_pool2, hangedman_swamp_pad
Spider:1: layout_spider_delve
Spider:2: layout_cave_pods, nicolae_spider_some_kinda_spiderbox,
          nicolae_spider_cling_halls
Spider:3: layout_chambers
Spider:4: spider_rune_water, nicolae_spider_acid_house, uniq_roxanne
Orc:1:    layout_caves
Orc:2:    st_orc_pillars, layout_caves, basic_altar, guppyfry_library_mini,
          uniq_rupert, uniq_sonja
Vaults:1: hangedman_vaults_capsules, nicolae_vaults_ninety_degrees,
          nicolae_vaults_turnstiles, nicolae_vaults_tangram_1,
          nicolae_vaults_puzzle_piece, vaults_mumra_lcd, v_misc_17,
          nicolae_vaults_wine_cellar, v_misc_3, ontoclasm_vaults_loading_screen,
          nicolae_vaults_asterisk, layout_vaults_ring, serial_shops,
          nicolae_shop_tiny_waterfront
Vaults:2: v_alt_pattern_6, ontoclasm_vaults_pinch, v_misc_15,
          nicolae_vaults_security_offices_1, v_misc_29,
          nicolae_vaults_frosty_reception, ontoclasm_vaults_tryst, v_rooms_5,
          v_rooms_1, nicolae_vaults_cochlea, nicolae_vaults_steering_wheel,
          nicolae_vaults_trapezoid_2, layout_vaults_omnibox, serial_shops, shop,
          uniq_bai_suzhen
Vaults:3: hangedman_vaults_unwind, v_rooms_6, vaults_dpeg_diagonal,
          nicolae_vaults_triangles, grunt_vaults_funnel,
          ontoclasm_vaults_loading_screen, nicolae_vaults_doubleplus_tesselated,
          ontoclasm_vaults_loading_screen, nicolae_vaults_rhombus_6,
          nicolae_vaults_heist, v_misc_22, layout_vaults_big_cross,
          dummy_crypt_entry
Vaults:4: nicolae_vaults_puzzle_piece, v_pattern_3, vaults_room_pool,
          nicolae_vaults_trapezoid_lopsided_3, nicolae_vaults_double_plus_1,
          v_alt_pattern_6, v_alt_pattern_1, nicolae_vaults_specimen_jars,
          nicolae_vaults_house_2, nicolae_vaults_corridor_and_loot_room,
          layout_vaults_omnigrid, uniq_boris
Depths:1: minmay_open_boxes_in_corner, layout_cross, serial_bayou,
          serial_bayou_shore_b, serial_bayou_lake_a, serial_bayou_crossing,
          serial_bayou_pond_b, serial_bayou_lagoon_b, hell_entry,
          rand_demon_pan_entry_8, hellmonk_ghost_happy_afterlife,
          dk_noncrumbling_3, reono_crystal_passage, minivault_10,
          nicolae_shop_clearance
Depths:2: giant_chief_lemuel, layout_basic, enter_ziggurat_e,
          abyss_entry_flame_altar, xom_redecorated, pan_entry, hell_entry,
          hangedman_decor_diamond_cutter, minmay_staircase_statues

Skill      XL: |  1  2  3  4  5  6  7  8  9 10 11 12 13 14 15 16 17 18 19 20 |
---------------+-------------------------------------------------------------+-----
Axes           | 4 5 6 7 8 9 11 13 15 16 18 20 24 | 24.0
Fighting       | 4 5 6 7 8 9 10 12 13 14 15 16 17 19 21 22 | 22.3
Armour         | 3 4 5 6 7 9 10 11 12 13 15 17 19 20 22 | 22.1
Dodging        | 3 4 5 6 8 9 10 11 12 14 16 17 19 20 | 20.5
Invocations    | 1 3 4 5 7 8 |  8.0
Shields        | 2 8 |  8.9

Action                     |  1- 3 |  4- 6 |  7- 9 | 10-12 | 13-15 | 16-18 | 19-21 || total
---------------------------+-------+-------+-------+-------+-------+-------+-------++-------
  Melee: Hand axe          |    40 |   112 |   212 |   162 |       |       |       ||   526
         Headbutt          |     5 |    24 |    57 |   110 |   194 |   106 |    74 ||   570
         Punch             |     1 |       |       |       |       |       |       ||     1
         War axe           |       |       |       |   223 |   434 |       |       ||   657
         Broad axe         |       |       |       |       |   310 |       |       ||   310
         Executioner's axe |       |       |       |       |     3 |   710 |   391 ||  1104
  Throw: Javelin           |       |     2 |       |       |       |     2 |       ||     4
 Invoke: Berserk           |     4 |     3 |     4 |    15 |    10 |     9 |     8 ||    53
         Trog's Hand       |       |       |       |     2 |     1 |     1 |     1 ||     5
         Brothers in Arms  |       |       |       |     1 |     1 |       |       ||     2
  Evoke: Wand              |       |       |       |       |     4 |     3 |       ||     7
         Phial of floods   |       |       |       |       |       |     1 |       ||     1
    Use: Scroll            |       |       |       |    10 |    13 |    10 |     2 ||    35
         Potion            |       |       |       |       |     4 |     1 |       ||     5
   Stab: Confused          |       |       |       |       |       |     3 |       ||     3
         Distracted        |       |       |       |       |       |     1 |       ||     1
 Armour: Ring mail         |    12 |    19 |       |       |    37 |       |       ||    68
         Animal skin       |     1 |       |       |       |       |       |       ||     1
         Chain mail        |       |     3 |    38 |       |       |       |       ||    41
         Plate armour      |       |       |    24 |   110 |   290 |   765 |   239 ||  1428
  Dodge: Dodged            |    21 |    53 |   116 |   188 |   481 |   568 |   232 ||  1659
